AoeStats
← Azatapower

Runestones

507540023Analyzed
1v1 RM · 13d ago on Sep 18, 2026· 39m 54s· 2 players
Game mode
Random Map
Map size
Tiny (2 player)
Population
200
Speed
Normal
Resources
Standard
Victory
Conquest
Starting age
Dark Age
Ending age
Imperial Age
RankedLock teamsTeams togetherTeam positionsShared explorationLock speedFull tech treeHidden civsTurbo modeCheats
Victory
Defeat
🇧🇷 Lithuanians · Brazil
1319
+18
🇧🇪 Saracens · Belgium
1359
-18
Azatapower
6:26 Loom
8:38 Feudal Age
8:52 Man-at-Arms
13:18 Horse Collar
14:25 Arson
16:10 Double-Bit Axe
22:12 Castle Age
19:59 Town Watch
20:58 Scale Barding Armor
21:04 Forging
20:44 Fletching
22:07 Bloodlines
21:50 Fletching
23:58 Iron Casting
24:58 Heavy Plow
25:04 Gold Mining
25:52 Husbandry
26:57 Light Cavalry
28:35 Wheelbarrow
29:59 Chain Barding Armor
32:44 Pikeman
33:48 Scale Mail Armor
35:41 Squires
40:21 Hand Cart
40:06 Town Patrol
The Legacy
7:09 Loom
9:50 Feudal Age
10:35 Double-Bit Axe
10:35 Horse Collar
18:01 Fletching
25:00 Castle Age
24:42 Scale Barding Armor
24:48 Forging
24:51 Bloodlines
25:00 Gold Mining
27:54 Bow Saw
29:41 Heavy Plow
31:35 Husbandry
33:22 Light Cavalry
36:17 Iron Casting
Connection lost

Rejoining the realm…

Still unreachable

The connection could not be restored.

Session expired

The server has moved on; the page needs a fresh start.